AoeStats
← FABRIZZIO

Four Lakes

510215719Analyzed
1v1 RM · 1d ago on Sep 30, 2026· 39m 56s· 2 players
Game mode
Random Map
Map size
Tiny (2 player)
Population
200
Speed
Normal
Resources
Standard
Victory
Conquest
Starting age
Dark Age
Ending age
Imperial Age
RankedLock teamsTeams togetherTeam positionsShared explorationLock speedFull tech treeHidden civsTurbo modeCheats
Victory
Defeat
🇺🇸 Malay · United States
1207
+18
🇦🇷 Bohemians · Argentina
1259
-18
FABRIZZIO
8:53 Loom
11:01 Feudal Age
11:37 Double-Bit Axe
14:49 Fletching
19:01 Castle Age
19:27 Crossbowman
20:05 Bodkin Arrow
24:06 Chemistry
25:33 Ballistics
28:10 Padded Archer Armor
33:40 Imperial Age
31:58 Town Watch
32:49 Wheelbarrow
33:45 Town Patrol
35:15 Arbalester
35:57 Bracer
37:05 Elite Skirmisher
39:11 Conscription
jbird7250
2:02 Loom
12:13 Feudal Age
12:00 Double-Bit Axe
12:19 Town Watch
13:03 Fishing Lines
16:01 Forging
16:02 Scale Barding Armor
18:15 Castle Age
17:46 Gold Mining
17:46 Stone Mining
17:52 Fletching
18:04 Gillnets
21:25 Wheelbarrow
21:54 Iron Casting
21:15 Bodkin Arrow
22:01 Husbandry
24:45 Hand Cart
27:48 Gold Shaft Mining
27:52 Crossbowman
30:19 Thumb Ring
30:21 Padded Archer Armor
34:10 Imperial Age
32:08 Ballistics
32:46 Medium Warships
33:04 Redemption
33:14 Arbalester
34:58 Chemistry
34:16 Leather Archer Armor
35:46 Bracer
36:17 Ring Archer Armor
37:08 Conscription
38:59 Block Printing
40:23 Illumination
Connection lost

Rejoining the realm…

Still unreachable

The connection could not be restored.

Session expired

The server has moved on; the page needs a fresh start.